 Dungeon Crawl Stone Soup version 0.30-a0-808-g6e0788376e (webtiles) character file.

Game seed: 10295972579036541195

3969 demibob the Impaler (level 10, 0/67 HPs)
             Began as a Merfolk Gladiator on Feb 26, 2023.
             Slain by a vault guard
             ... wielding a +0 broad axe
              (17 damage)
             ... in a bailey.
             The game lasted 00:10:05 (4741 turns).

demibob the Impaler (Merfolk Gladiator)             Turns: 4741, Time: 00:10:06

Health: 0/67       AC:  8    Str: 15    XL:     10   Next: 22%
Magic:  10/10      EV: 16    Int:  7    God:
Gold:   341        SH:  0    Dex: 20    Spells: 9/9 levels left

rFire   . . .      SeeInvis .    a - +1 trident (flame)
rCold   . . .      Faith    .    (no shield)
rNeg    . . .      Spirit   .    l - +1 ring mail of Fonna {Regen+ Slay+3}
rPois   +          Reflect  .    c - +0 helmet
rElec   .          Harm     .    h - +0 cloak
rCorr   +          Rampage  .    (no gloves)
Will    .....                    (boots currently unavailable)
Stlth   ++                       (no amulet)
HPRegen 1.11/turn                R - ring of resist corrosion
MPRegen 0.12/turn                P - ring of poison resistance

@: mighty, very quick
A: nimble swimmer 2, mertail
a: no special abilities


You were in a bailey.
You visited 2 branches of the dungeon, and saw 10 of its levels.
You also visited: Bailey.

You collected 341 gold pieces.


Innate Abilities, Weirdness & Mutations

You are very nimble when in or above water. (Stealth+, EV+, Speed+++)
Your lower body shifts to a powerful aquatic tail in water.


   Skills:
 - Level 2.1 Fighting
 + Level 17.9 Polearms
 - Level 2.0 Throwing
 - Level 2.6 Armour
 - Level 4.0 Dodging


You had 9 spell levels left.
You didn't know any spells.
Your spell library contained the following spells:

 Spells                   Type           Power      Damage    Failure   Level
 Freeze                   Ice            0%         1d3       65%         1
 Sandblast                Erth           0%         2d4       65%         1
 Lesser Beckoning         Tloc           0%         N/A       80%         2
 Passwall                 Tmut/Erth      0%         N/A       80%         2
 Static Discharge         Conj/Air       0%         2-2/arc   80%         2
 Frozen Ramparts          Ice            0%         1d1       95%         3
 Gell's Gravitas          Tloc           0%         N/A       95%         3
 Hailstorm                Conj/Ice       0%         3d3       95%         3
 Inner Flame              Hex/Fire       0%         N/A       95%         3
 Stone Arrow              Conj/Erth      0%         3d7       95%         3
 Summon Guardian Golem    Hex/Summ       0%         N/A       95%         3
 Teleport Other           Tloc           0%         N/A       95%         3
 Vhi's Electric Charge    Tloc/Air       0%         N/A       95%         3
 Flame Wave               Conj/Fire      0%         2d4       100%        4
 Sticky Flame             Conj/Fire      0%         2d3       100%        4
 Arcjolt                  Conj/Air       0%         1d10      100%        5
 Lightning Bolt           Conj/Air       0%         1d11      100%        5
 Orb of Destruction       Conj           0%         9d5       100%        7
 Spellforged Servitor     Conj/Summ      0%         N/A       100%        7

Inventory:

Hand Weapons
 a - a +1 trident of flaming (weapon)
Missiles
 d - 5 throwing nets (quivered) {=f}
 e - a javelin
Armour
 c - a +0 helmet (worn)
 h - a +0 cloak (worn)
 k - the +2 pair of boots of Darkness (melded) {rN+ SInv}
   (You acquired it on level 3 of the Dungeon)

   rN:        It protects you from negative energy.
   SInv:      It lets you see invisible.
 l - the +1 ring mail of Fonna (worn) {Regen+ Slay+3}
   (You found it on level 2 of the Dungeon)

   Slay:      It affects your accuracy & damage with ranged weapons and melee
   (+3).
   Regen:     It increases your rate of health regeneration.
Magical Staves
 q - a staff of conjuration {!a}
Jewellery
 z - a ring of wizardry
 P - a ring of poison resistance (right hand)
 R - a ring of resist corrosion (left hand)
 Z - a ring of wizardry
Wands
 b - a wand of paralysis (6)
Scrolls
 g - 2 scrolls of identify {@r1}
 p - a scroll of enchant weapon
 r - 2 scrolls of teleportation {@r2}
Potions
 f - a potion of haste {unknown}
 i - 5 potions of curing {@q1}
 j - 2 potions of attraction {unknown}
 n - a potion of cancellation
 o - a potion of degeneration {unknown}
 s - a potion of brilliance

Dungeon Overview and Level Annotations

Branches:
Dungeon (9/15)             Temple (1/1) D:7          Bailey (1/1)
   Lair: D:8-11         Orc: D:9-12

Altars:
Ashenzari
Dithmenos
Kikubaaqudgha
Nemelex Xobeh
Okawaru
Ru
Sif Muna
Uskayaw
Vehumet
Wu Jian
Xom
Yredelemnul
The Shining One

Annotations:
D:4 2 runed translucent doors, Ceno's ghost, amateur VSNe Bailey Prince Ribbit

.∩.))....▒+▒▒≈≈~~~~~≈≈▒▒
...▒▒).....▒≈~~~~~~~~~≈▒▒
▒▒▒▒.......▒▒≈~~~~~~~~~≈▒
▒...▒▒▒▒▒▒▒≈~..~~...~▒ ▒▒▒▒
▒..▒▒..▒≈≈≈~..~...~.▒ ....?
▒...▒..▒........§...▒.....?
▒...▒..'..~~~)......'..∩...
▒▒.....▒†)≈≈≈≈~p....▒.....!
▒▒....▒≈≈▒▒▒▒@≈~...▒▒....?
▒▒▒▒▒▒▒▒▒..▒▒▒≈~..~▒▒▒▒▒▒
▒.).~▒▒≈.~~~▒ ▒~...~▒≈.~~▒▒
▒▒~~..▒≈.~▒▒ ▒▒▒~.'.▒▒▒
▒▒▒▒▒▒


You could see a vault guard.


Message History

You barely miss Prince Ribbit.
Your tail-slap misses Prince Ribbit.
Prince Ribbit hits you!
* * * LOW HITPOINT WARNING * * *
You closely miss Prince Ribbit. Prince Ribbit misses you.
You puncture Prince Ribbit! You burn Prince Ribbit.
Your tail-slap misses Prince Ribbit.
Prince Ribbit is moderately wounded.
Prince Ribbit hits you!
* * * LOW HITPOINT WARNING * * *
You feel better.
Prince Ribbit blinks!
Okay, then.
Aiming: Paralyse
Press: ? - help, Shift-Dir - straight line, f - vault guard
Aim: a vault guard, wielding a +0 broad axe and wearing a +0 plate armour (chance to affect: 17%)
The vault guard resists with almost no effort.
Prince Ribbit blinks!
Aiming: Paralyse
Press: ? - help, Shift-Dir - straight line, f/p - vault guard
Aim: a vault guard, wielding a +0 broad axe and wearing a +0 plate armour (chance to affect: 17%)
The vault guard resists with almost no effort.
The vault guard closely misses you.
Aiming: Paralyse
Press: ? - help, Shift-Dir - straight line, f/p - vault guard
Aim: a vault guard, wielding a +0 broad axe and wearing a +0 plate armour (chance to affect: 17%)
The vault guard resists with almost no effort.
The vault guard hits you with a +0 broad axe!!
* * * LOW HITPOINT WARNING * * *
You feel better.
Prince Ribbit blinks!
The vault guard hits you with a +0 broad axe!
You die...

Skill      XL: |  1  2  3  4  5  6  7  8  9 |
---------------+----------------------------+-----
Polearms       | 5 6 7 8 11 14 17 | 17.9
Armour         | 1 2 |  2.6
Fighting       | |  2.1
Throwing       | |  2.0
Dodging        | |  4.0

Action                     |  1- 3 |  4- 6 |  7- 9 | 10-12 || total
---------------------------+-------+-------+-------+-------++-------
  Melee: Trident           |    88 |    96 |   231 |    11 ||   426
         Punch             |       |       |     5 |       ||     5
         Tailslap          |       |       |     5 |       ||     5
  Evoke: Wand              |       |       |     1 |     8 ||     9
    Use: Scroll            |       |     5 |     7 |     2 ||    14
         Potion            |       |     1 |     2 |     3 ||     6
   Stab: Sleeping          |     2 |       |       |       ||     2
         Paralysed         |       |       |     6 |     6 ||    12
 Armour: Leather armour    |     7 |       |       |       ||     7
         Ring mail         |     9 |    34 |    37 |     2 ||    82
  Dodge: Dodged            |    45 |    35 |    62 |     4 ||   146

Levels and vault maps discovered:
D:1:      dpeg_arrival_solitude, layout_basic
D:2:      layout_basic, shapermc_ecumenical_altar_notcrosses
D:3:      layout_rooms
D:4:      layout_loops_ring, ebering_ghost_sewer_f
D:5:      layout_basic, nicolae_overflow_squiral, dk_noncrumbling_4,
          item_on_display_a
D:6:      layout_layer_cave, uniq_blork_the_orc
D:7:      layout_gridville, minmay_temple_entry_trees, enter_bailey_5
D:8:      layout_basic, fedhas_ov_isle_minmay, hellmonk_bongcloud_opening
D:9:      layout_grid_maze, jmf_multi_god_temple2, david_lair_generic,
          gammafunk_ghost_spectres, chequers_serial_rivers_small_b,
          hellmonk_guarded_unrand_staff_of_battle, uniq_maurice
Temple:   bh_familiar_temple
Bailey:   bailey_axe_froggy_fort_hellmonk, bailey

Notes
Turn   | Place    | Note
-------+----------+-------------------------------------------
     0 | D:1      | demibob the Merfolk Gladiator began the quest for the Orb.
     0 | D:1      | Reached XP level 1. HP: 16/16 MP: 1/1
   328 | D:1      | Reached XP level 2. HP: 22/22 MP: 2/2
   645 | D:2      | Found a faded altar of an unknown god.
   699 | D:2      | Reached skill level 5 in Polearms
   749 | D:2      | Reached XP level 3. HP: 25/27 MP: 3/3
   772 | D:2      | Identified the +1 ring mail of Fonna {Regen+ Slay+3}
   941 | D:2      | Reached skill level 6 in Polearms
  1279 | D:3      | Reached XP level 4. HP: 29/33 MP: 4/4
  1435 | D:3      | Noticed a sky beast
  1453 | D:3      | Killed a sky beast
  1454 | D:3      | Reached skill level 7 in Polearms
  1454 | D:3      | Reached skill level 1 in Armour
  1454 | D:3      | Reached XP level 5. HP: 38/38 MP: 5/5
  1716 | D:3      | Identified a scroll of acquirement
  1716 | D:3      | Acquired the +2 pair of boots of Darkness {rN+ SInv}
  1794 | D:4      | Identified the +0 scale mail of Seolibih {Will+ Str+3}
  1845 | D:4      | Reached skill level 2 in Armour
  1871 | D:4      | Reached XP level 6. HP: 44/44 MP: 6/6
  1929 | D:4      | Noticed an ice beast
  1945 | D:4      | Killed an ice beast
  1975 | D:4      | Reached skill level 8 in Polearms
  2002 | D:4      | Found a runed translucent door.
  2008 | D:4      | Noticed Ceno's ghost (amateur VSNe)
  2061 | D:4      | Reached XP level 7. HP: 50/50 MP: 7/7
  2263 | D:4      | Reached skill level 9 in Polearms
  2322 | D:4      | Found a runed translucent door.
  2464 | D:5      | Entered Level 5 of the Dungeon
  2556 | D:5      | Reached skill level 10 in Polearms
  2727 | D:5      | Found a glowing golden altar of the Shining One.
  2728 | D:5      | Found a broken altar of Ashenzari.
  2737 | D:5      | Reached skill level 11 in Polearms
  2737 | D:5      | Reached XP level 8. HP: 35/56 MP: 8/8
  3307 | D:6      | Reached skill level 12 in Polearms
  3318 | D:6      | Noticed a gargoyle
  3330 | D:6      | Killed a gargoyle
  3331 | D:6      | Reached skill level 13 in Polearms
  3681 | D:6      | Reached skill level 14 in Polearms
  3681 | D:6      | Reached XP level 9. HP: 61/61 MP: 9/9
  3748 | D:6      | Noticed Blork the orc
  3764 | D:6      | Killed Blork the orc
  3960 | D:6      | Reached skill level 15 in Polearms
  4208 | D:6      | You fall into a shaft and drop 3 floors!
  4224 | D:8      | Noticed a two-headed ogre
  4318 | D:7      | Found a staircase to the Ecumenical Temple.
  4336 | Temple   | Entered the Ecumenical Temple
  4528 | D:7      | Found a flagged portal.
  4543 | Bailey   | Entered a bailey
  4587 | Bailey   | Reached skill level 16 in Polearms
  4660 | Bailey   | Reached skill level 17 in Polearms
  4680 | Bailey   | Reached XP level 10. HP: 67/67 MP: 10/10
  4690 | Bailey   | Noticed a vault guard
  4700 | Bailey   | Killed a vault guard
  4721 | Bailey   | Noticed Prince Ribbit
  4721 | Bailey   | Noticed a vault guard
  4740 | Bailey   | HP: 6/67 [vault guard/+0 broad axe (21)]
  4741 | Bailey   | Slain by a vault guard

Vanquished Creatures
  A vault guard (Bailey)
  A gargoyle (D:6)
  A steam dragon (D:6)
  7 humans (Bailey)
  A water moccasin (D:6)
  An ice beast (D:4)
  2 sky beasts
  2 black bears
  2 ogres
  2 phantoms (D:6)
  Blork the orc (D:6)
  3 bullfrogs
  A necrophage (D:5)
  7 scorpions
  A jelly (D:7)
  An orc priest (D:5)
  2 hounds (D:5)
  2 iguanas
  2 orc wizards (D:4)
  7 adders
  A shadow imp (D:7)
  An ufetubus (D:4)
  A dart slug (D:2)
  13 orcs
  6 ball pythons
  5 bats
  6 endoplasms
  8 goblins
  6 hobgoblins
  4 jackals (D:2)
  A quokka (D:4)
  2 frilled lizards (D:2)
  12 kobolds
  7 rats
120 creatures vanquished.

Table legend: (Time is in decaauts)
 A = Elapsed time spent in this place.
 B = Non-inter-level travel time spent in this place.
 C = Inter-level travel time spent in this place.
 D = Time resting spent in this place.
 E = Time spent auto-exploring this place.
 F = Levels seen in this place.
 G = Mean time per level.
                   A        B        C        D        E       F      G
               +--------+--------+--------+--------+--------+-----+--------+
         Total |   4640 |   4444 |    196 |    131 |   3402 |  11 |  421.8 |
       Dungeon |   4410 |   4242 |    168 |    110 |   3365 |   9 |  490.0 |
        Temple |     78 |     50 |     28 |      0 |      6 |   1 |   78.0 |
        Bailey |    151 |    151 |      0 |     21 |     30 |   1 |  151.0 |
               +--------+--------+--------+--------+--------+-----+--------+

Top non-repeatable levels by time:
     D:6: 921 daAuts
     D:5: 780 daAuts
     D:4: 720 daAuts
     D:2: 665 daAuts
     D:1: 601 daAuts
     D:3: 472 daAuts
     D:7: 229 daAuts
  Bailey: 151 daAuts
  Temple: 78 daAuts
     D:9: 15 daAuts
     D:8: 3 daAuts

Table legend:
 A = Non-vault XP
 B = Vault XP
 C = Vault XP percentage of total XP
 D = Non-vault monster count
 E = Vault monster count
 F = Vault count percentage of total count
                 A         B        C        D         E       F
            +---------+---------+-------+---------+---------+-------
      Total |    3152 |    2519 |  44.4 |     100 |      20 |  16.7
            +---------+---------+-------+---------+---------+-------
        D:1 |      11 |       0 |   0.0 |       8 |       0 |   0.0
        D:2 |      63 |       0 |   0.0 |      24 |       0 |   0.0
        D:3 |     184 |       0 |   0.0 |      19 |       0 |   0.0
        D:4 |     462 |       0 |   0.0 |      17 |       0 |   0.0
        D:5 |     644 |       0 |   0.0 |      14 |       0 |   0.0
        D:6 |    1604 |      91 |   5.4 |      14 |       1 |   6.7
        D:7 |     184 |       8 |   4.2 |       4 |       4 |  50.0
     Bailey |       0 |    2420 | 100.0 |       0 |      15 | 100.0
            +---------+---------+-------+---------+---------+-------
